 Dungeon Sprint DCSS version 0.30-a0-964-gd452b5e7fa (webtiles) character file.

Game seed: 5604504322180721537

35 sircluck the Trooper (level 3, -3/36 HPs)
             Began as a Hill Orc Fighter on Mar 30, 2023.
             Slain by a water elemental (11 damage)
             ... in the Dungeon (Sprint III: "The Ten Rune Challenge").
             The game lasted 00:00:41 (186 turns).

sircluck the Trooper (Hill Orc Fighter)              Turns: 186, Time: 00:00:41

Health: -3/36      AC:  7    Str: 20    XL:     3   Next: 35%
Magic:  3/3        EV:  9    Int:  8    God:
Gold:   21         SH:  4    Dex: 10    Spells: 2/2 levels left

rFire   . . .      SeeInvis .    a - +0 war axe
rCold   . . .      Faith    .    c - +0 buckler
rNeg    . . .      Spirit   .    b - +0 scale mail
rPois   .          Reflect  .    (no helmet)
rElec   .          Rampage  .    (no cloak)
rCorr   .          NoTele   +    (no gloves)
Will    .....                    (no boots) Stlth
                                 (no amulet)
HPRegen 0.26/turn                (no ring)
MPRegen 0.08/turn                (no ring)

@: mighty, engulfed (cannot breathe)
A: no striking features
a: no special abilities


You were in the Dungeon.
You visited 1 branch You collected 21 gold pieces.

Inventory:

Hand Weapons
 a - a +0 war axe (weapon)
Armour
 b - a +0 scale mail (worn)
 c - a +0 buckler (worn)
Scrolls
 j - a scroll of blinking
 l - a scroll of torment {unknown}
 m - 3 scrolls of identify
 o - a scroll of poison {unknown}
Potions
 e - a potion of curing
 f - a potion of heal wounds
 g - a potion of haste
 h - 2 potions of magic
 i - a potion of berserk rage
 k - a potion of invisibility {unknown}
 n - a potion of resistance {unknown}
 p - a potion of attraction {unknown}
 q - 5 potions of mutation


   Skills:
 + Level 5.4 Fighting
 + Level 4.6 Axes
 + Level 4.6 Armour
 + Level 0.2 Dodging
 + Level 4.8 Shields


You had 2 spell levels left.
You didn't know any spells.
Your spell library was empty.

Dungeon Overview and Level Annotations

Branches:
Dungeon (1/1)

Altars:


Message History

You feel stronger. x2
You open the door.
Found 21 gold pieces and 2 potions of mutation.
There is an open door here.
You now have 13 gold pieces.
l - a scroll labelled JAZIFR USIEKK;
m - 2 scrolls of identify
n - a fuming ruby potion
Things that are here:
a potion of mutation; 2 potions of mutation
o - a scroll labelled MISCHUO LUDUIV;
m - 3 scrolls of identify (gained 1)
p - a cyan potion
Things that are here:
a potion of mutation; a potion of mutation You now have 21 gold pieces (gained 8).
Things that are here:
a potion of mutation; a potion of mutation
q - a potion of mutation;
q - 2 potions of mutation (gained 1)
q - 3 potions of mutation (gained 1);
q - 5 potions of mutation (gained 2)
There is an open door here.
You enter the shallow water.
Moving in this stuff is going to be slow.
You open the door.
A water elemental comes into view.
The water elemental moves out of view.
The water elemental hits you!
The water elemental engulfs you in water!
There is an open door to the Ecumenical Temple, spattered with blood here.
You feel very mighty all of a sudden.
Your lungs strain for air!
You block the water elemental's attack.
You slash the water elemental!
The water elemental is moderately damaged.
Your lungs strain for air!
The water elemental closely misses you.
You slash the water elemental!
The water elemental is heavily damaged.
* * * LOW HITPOINT WARNING * * *
Your lungs strain for air!
The water elemental hits you!
You die...

▓▓▓▓▓▓▓▓▓▓ ▓▓▓
.#..'....♣ ♣.#
.#..#....♣♣♣ ♣.#
'####....♣.♣ ♣.#
.†..#....~.♣ ♣.###+#+##
....#...~~.♣♣ ♣.#E......
....#..~~~~.♣♣♣.@.⌠.....
###'#..~≈≈~~~...#...####
..†.#.~~≈~~~....#.⌠.#
....#.~≈~~~.....#...#
....#.~~~.......#+###
#####...........#
........†.......#
▓▓▓▓▓▓▓▓▓▓▓▓▓▓▓▓▓


You could see a water elemental.

Vanquished Creatures
  A human (D)
  A wolf (D)
  An endoplasm (D)
  3 rats (D)
6 creatures vanquished.

Notes
Turn   | Place    | Note
-------+----------+-------------------------------------------
     0 | D        | sircluck the Hill Orc Fighter began the quest for the Orb.
     0 | D        | Reached XP level 1. HP: 19/19 MP: 1/1
     6 | D        | Reached skill level 4 in Fighting
    46 | D        | Reached skill level 5 in Fighting
    46 | D        | Reached XP level 2. HP: 8/29 MP: 2/2
   138 | D        | Reached XP level 3. HP: 36/36 MP: 3/3
   182 | D        | Noticed a water elemental
   186 | D        | Slain by a water elemental

Illustrated notes

Levels and vault maps discovered:
D:        dungeon_sprint_mu [sprint_mu_entry_forest, sprint_mu_temple_rooms,
          sprint_mu_d1_horrors, sprint_mu_d2_genie, sprint_mu_d3_branching,
          sprint_mu_orc_legion, sprint_mu_elf_gauntlet, sprint_mu_hive_nellie,
          sprint_mu_lair_fedhas, sprint_mu_vaults_butterflies,
          sprint_mu_slime_circle, sprint_mu_shoals_kraken,
          sprint_mu_snake_twists, sprint_mu_blade_basic,
          sprint_mu_crypt_chambers, sprint_mu_tomb_spiral,
          sprint_mu_vestibule_basic, sprint_mu_gehenna_hellfire,
          sprint_mu_dis_giant, sprint_mu_tartarus_statrot,
          sprint_mu_cocytus_islands, sprint_mu_zot1]

Skill      XL: |  1 |
---------------+----+-----
Fighting       | 5 |  5.4
Axes           | 4 |  4.6
Armour         | 4 |  4.6
Shields        | 4 |  4.8
Dodging        | |  0.2

Action                     || total
---------------------------++-------
  Melee: War axe           ||    21
    Use: Potion            ||     1
 Armour: Scale mail        ||     2
  Dodge: Dodged            ||     9
  Block: Buckler           ||     7

Table legend: (Time is in decaauts)
 A = Elapsed time spent in this place.
 B = Non-inter-level travel time spent in this place.
 C = Inter-level travel time spent in this place.
 D = Time resting spent in this place.
 E = Time spent auto-exploring this place.
 F = Levels seen in this place.
 G = Mean time per level.
                   A        B        C        D        E       F      G
               +--------+--------+--------+--------+--------+-----+--------+
         Total |    194 |    151 |     43 |     84 |      0 |   1 |  194.0 |
       Dungeon |    194 |    151 |     43 |     84 |      0 |   1 |  194.0 |
               +--------+--------+--------+--------+--------+-----+--------+

Top non-repeatable levels by time:
       D: 194 daAuts
